 Dungeon Crawl Stone Soup version 0.22-a0-803-gd6d8abe (webtiles) character file.

14 iamserjio the Firebug (level 2, -1/15 HPs)
             Began as a Tengu Fire Elementalist on July 22, 2018.
             Slain by a rat (3 damage)
             ... on level 1 of the Dungeon.
             The game lasted 00:01:45 (186 turns).

iamserjio the Firebug (Tengu Fire Elementalist)      Turns: 186, Time: 00:01:45

Health: -1/15      AC:  4    Str:  8    XL:     2   Next: 41%
Magic:  2/6        EV: 12    Int: 15    God:
Gold:   19         SH:  0    Dex: 14    Spells: 4/5 levels left

rFire    . . .     SeeInvis .   b - +0 whip
rCold    . . .     Gourm    .   (no shield)
rNeg     . . .     Faith    .   a - +0 robe
rPois    .         Spirit   .   (helmet restricted)
rElec    .         Reflect  .   (no cloak)
rCorr    .         Harm     .   (no gloves)
MR       .....                  (boots unavailable)
Stlth    ++........             (no amulet)
HPRegen  0.05/turn              (no ring)
MPRegen  0.10/turn              (no ring)

@: no status effects
A: beak, talons 3, thin metallic scales 1, blink
a: Blink


You were on level 1 of the Dungeon.
You were not hungry.

You visited 1 branch of the dungeon, and saw 1 of its levels.

You collected 19 gold pieces.

Inventory:

Hand Weapons
 b - a +0 whip (weapon)
Armour
 a - a +0 robe (worn)
Comestibles
 c - a ration


   Skills:
 - Level 2.1 Dodging
 - Level 2.0 Stealth
 - Level 2.0 Spellcasting
 + Level 2.4 Conjurations
 + Level 3.7 Fire Magic


You had 4 spell levels left.
You knew the following spells:

 Your Spells              Type           Power        Failure   Level  Hunger
a - Flame Tongue          Conj/Fire      ##...        6%          1    #......

Your spell library contained the following spells:

 Spells                   Type           Power        Failure   Level  Hunger
 Fireball                 Conj/Fire      ##........   86%         5    ######.
 Conjure Flame            Conj/Fire      ##......     19%         3    ###....
 Throw Flame              Conj/Fire      ##....       10%         2    ###....
 Sticky Flame             Conj/Fire      ##......     52%         4    #####..
 Inner Flame              Hex/Fire       #.......     30%         3    ###....


Dungeon Overview and Level Annotations

Branches:
Dungeon (1/15)

Altars:


Innate Abilities, Weirdness & Mutations

You have a beak for a mouth.
You have claws for feet.
You are partially covered in thin metallic scales. (AC +2)
You can translocate small distances at will.


Message History

You feel aware of your surroundings.
It was a scroll of magic mapping.
The bat hits you but does no damage. The jackal misses you.
The jackal barely misses you.
The jackal bites you but does no damage.
The bat hits you but does no damage.
Found a runed robe.
The bat barely misses you.
Found 15 stones.
You miss the jackal. Your kick misses the jackal.
The jackal is severely wounded.
The bat hits you. The jackal bites you.
* * * LOW HITPOINT WARNING * * *
The bat barely misses you. The jackal barely misses you.
You hit the bat.
You kill the bat!
The jackal closely misses you.
You hit the jackal.
You kill the jackal!
The goblin hits you but does no damage. The rat bites you.
You die...

###.....#. ***#########
##...... *,,........#
#.....# *,,........#
#.....# *,,........#
#......
*,,........###########.....
*,,....)...h...............
*,,.......ghh).............
*,,.[....r@##............(.
*,,(....$..##.......#......
*,,........##..............
***##########..†......#....
###)......>....
#######...#...#....
*#.......###..######
#..##...##*...#*****
*,**#.#h#**,...,,,,,


You could see 3 jackals, a goblin and a rat.

Vanquished Creatures
  A dart slug (D:1)
  3 goblins (D:1)
  A hobgoblin (D:1)
  A jackal (D:1)
  3 bats (D:1)
  A frilled lizard (D:1)
  A kobold (D:1)
  A rat (D:1)
12 creatures vanquished.

Notes
Turn   | Place    | Note
-------+----------+-------------------------------------------
     0 | D:1      | iamserjio the Tengu Fire Elementalist began the quest for the Orb.
     0 | D:1      | Reached XP level 1. HP: 10/10 MP: 4/4
   134 | D:1      | Reached XP level 2. HP: 15/15 MP: 1/6
   180 | D:1      | Gained mutation: You can translocate small distances at will. [potion of mutation]
   180 | D:1      | Gained mutation: You are partially covered in thin metallic scales. (AC +2) [potion of mutation]
   186 | D:1      | Slain by a rat

Vault maps used:
D:1:      sevenhm_arrival_forest_fort_large_2, corexii_corridor_pit,
          wad_floor_pattern_1

Skill      XL: |  1 |
---------------+----+-----
Conjurations   | 2 |  2.4
Dodging        | |  2.1
Stealth        | |  2.0
Spellcasting   | |  2.0
Fire Magic     | |  3.7

Action                   || total
-------------------------++-------
Melee: Whip              ||    19
       Kick              ||     2
       Peck              ||     1
 Cast: Flame Tongue      ||    11
  Use: Scroll            ||     1
       Potion            ||     1
Armor: Robe              ||    15
Dodge: Dodged            ||    36

Table legend:
 A = Spawn XP
 B = Non-spawn XP
 C = Spawn XP percentage of total XP
 D = Spawn monster count
 E = Non-spawn monster count
 F = Spawn count percentage of total count
 G = Total turns spent on level
                    A         B        C        D         E        F      G
               +---------+---------+-------+---------+---------+-------+---------
         Total |       0 |      20 |   0.0 |       0 |      12 |   0.0 |   186
               +---------+---------+-------+---------+---------+-------+---------
           D:1 |       0 |      20 |   0.0 |       0 |      12 |   0.0 |   186
               +---------+---------+-------+---------+---------+-------+---------
